[Event "WSCC 50 Open 2017"]
[Site "?"]
[Date "2017.11.12"]
[Round "6"]
[White "Mantovani, Renzo"]
[Black "Madeira, Wagner Martins"]
[Result "1-0"]
[ECO "B07"]
[WhiteElo "2307"]
[BlackElo "2139"]
[PlyCount "111"]
[EventDate "2017.??.??"]
[EventType "swiss"]
[EventCountry "ITA"]
[SourceTitle "Acqui Terme"]
[TimeControl "40/5400+30:1800+30"]
[WhiteClock "0:10:44"]
[BlackClock "0:05:50"]

1. e4 d6 2. d4 Nf6 3. Nc3 g6 4. Be3 Bg7 5. f3 c6 6. Qd2 b5 7. h4 Nbd7 8. g4 h6 9. Nge2 a6 10. Ng3 e6 11. O-O-O b4 12. Nce2 Qa5 13. Kb1 Bb7 14. a3 Qc7 15. axb4 a5 16. bxa5 Rxa5 17. Nc1 Ke7 18. Nb3 Ra4 19. g5 hxg5 20. hxg5 Ne8 21. Rxh8 Bxh8 22. f4 d5 23. Qh2 Bg7 24. f5 Kd8 25. fxe6 fxe6 26. e5 Bc8 27. Ne2 Ra8 28. Nf4 Nf8 29. Bd3 Qa7 30. Nxg6 Qa2+ 31. Kc1 Nxg6 32. Bxg6 Bf8 33. Rd3 Bb4 34. Rc3 Bxc3 35. bxc3 Qa3+ 36. Kd2 Qf8 37. Qh6 Qf3 38. Bd3 Ra7 39. g6 Qg2+ 40. Kc1 Ba6 41. Bxa6 Rxa6 42. Qg5+ Qxg5 43. Bxg5+ Kc8 44. Bf6 Ra7 45. Kd2 Ng7 46. Ke3 Nf5+ 47. Kf4 Ra2 48. g7 Nxg7 49. Bxg7 Rxc2 50. Nc5 Rxc3 51. Nxe6 Rd3 52. Bf8 Rd1 53. Kf5 Kd7 54. Bc5 Rf1+ 55. Nf4 Ke8 56. e6 1-0

[Event "WSCC 50 Open 2017"]
[Site "?"]
[Date "2017.11.12"]
[Round "6"]
[White "Larsen, Peter"]
[Black "Chan, Peng Kong"]
[Result "1-0"]
[ECO "B42"]
[WhiteElo "2286"]
[BlackElo "2172"]
[PlyCount "21"]
[EventDate "2017.??.??"]
[EventType "swiss"]
[EventCountry "ITA"]
[SourceTitle "Acqui Terme"]
[TimeControl "40/5400+30:1800+30"]
[WhiteClock "1:14:17"]
[BlackClock "0:55:42"]

1. e4 c5 2. Nf3 e6 3. d4 cxd4 4. Nxd4 a6 5. Bd3 Bc5 6. Be3 Qb6 7. c3 Qxb2 8. O-O Nc6 9. Nb3 Bxe3 10. fxe3 Nf6 11. Rf2 1-0

[Event "WSCC 50 Open 2017"]
[Site "?"]
[Date "2017.11.12"]
[Round "6"]
[White "Contin, Daniel"]
[Black "Jhunjhnuwala, Krishan"]
[Result "0-1"]
[ECO "A13"]
[WhiteElo "2272"]
[BlackElo "2340"]
[PlyCount "72"]
[EventDate "2017.??.??"]
[EventType "swiss"]
[EventCountry "ITA"]
[SourceTitle "Acqui Terme"]
[TimeControl "40/5400+30:1800+30"]
[WhiteClock "0:00:40"]
[BlackClock "0:14:42"]

1. c4 e6 2. Nf3 d5 3. g3 c5 4. Bg2 Nc6 5. O-O Nf6 6. b3 Be7 7. e3 O-O 8. Qe2 Re8 9. Bb2 b6 10. Rd1 Ba6 11. Nc3 Rc8 12. Nb5 Bxb5 13. cxb5 Nb8 14. d4 Nbd7 15. Rac1 Bf8 16. a4 Qc7 17. dxc5 bxc5 18. Nd4 Qb6 19. Nc6 a6 20. e4 d4 21. g4 axb5 22. axb5 h6 23. h4 e5 24. g5 hxg5 25. hxg5 Nh7 26. Qg4 Re6 27. Bf1 Rcxc6 28. bxc6 Qxc6 29. Rd3 Rg6 30. Rg3 Ndf6 31. Qe2 Nxe4 32. Rg4 Nexg5 33. Bg2 e4 34. Bxd4 Nf3+ 35. Kf1 Rxg4 36. Bxc5 Rxg2 0-1

[Event "WSCC 50 Open 2017"]
[Site "?"]
[Date "2017.11.12"]
[Round "6"]
[White "Luciani, Carlo"]
[Black "Welling, Gerard"]
[Result "1/2-1/2"]
[ECO "B10"]
[WhiteElo "2232"]
[BlackElo "2316"]
[PlyCount "101"]
[EventDate "2017.??.??"]
[EventType "swiss"]
[EventCountry "ITA"]
[SourceTitle "Acqui Terme"]
[TimeControl "40/5400+30:1800+30"]
[WhiteClock "0:26:51"]
[BlackClock "0:34:02"]

1. e4 c6 2. Nc3 d5 3. Nf3 dxe4 4. Nxe4 Nf6 5. Nxf6+ exf6 6. Bc4 Bd6 7. O-O O-O 8. d4 Bg4 9. Re1 Nd7 10. h3 Bh5 11. c3 Qc7 12. Qd3 a5 13. Nh4 b5 14. Bb3 a4 15. Bc2 Bg6 16. Nxg6 hxg6 17. c4 bxc4 18. Qxc4 Nb6 19. Qe2 f5 20. Bd2 Rfb8 21. b3 a3 22. Rac1 Qd7 23. Qd3 Nd5 24. Bd1 Bb4 25. Bf3 Bxd2 26. Qxd2 Re8 27. Rxe8+ Rxe8 28. Qa5 Qd6 29. Bxd5 cxd5 30. Qd2 f4 31. b4 g5 32. b5 Qe6 33. Rc3 Qe1+ 34. Qxe1 Rxe1+ 35. Kh2 Rb1 36. Rxa3 Rxb5 37. Rb3 Ra5 38. a3 f6 39. g4 Kf7 40. Kg2 Ra4 41. Rd3 Ke6 42. Kf3 Kd6 43. Ke2 Rc4 44. Kd2 Kd7 45. Rc3 Ra4 46. Kd3 Kd6 47. Rb3 Kc6 48. Rc3+ Kd6 49. Rb3 Kc6 50. Rc3+ Kd6 51. Rb3 1/2-1/2

[Event "WSCC 50 Open 2017"]
[Site "?"]
[Date "2017.11.12"]
[Round "6"]
[White "Baimurzin, Aitkazy"]
[Black "Petran, Peter"]
[Result "1/2-1/2"]
[ECO "A10"]
[WhiteElo "2170"]
[BlackElo "2330"]
[PlyCount "97"]
[EventDate "2017.??.??"]
[EventType "swiss"]
[EventCountry "ITA"]
[SourceTitle "Acqui Terme"]
[TimeControl "40/5400+30:1800+30"]

1. c4 g6 2. g3 Bg7 3. Bg2 d6 4. Nc3 c5 5. e3 Nc6 6. Nge2 e5 7. d3 Nge7 8. a3 a5 9. b3 O-O 10. O-O Rb8 11. Ra2 Be6 12. Rc2 b6 13. e4 Qd7 14. Be3 f5 15. Nd5 b5 16. Rc1 fxe4 17. dxe4 bxc4 18. bxc4 Nd4 19. Nec3 Nec6 20. Qa4 Bh3 21. Bxd4 Nxd4 22. Qxd7 Bxd7 23. Rb1 Be6 24. Rfd1 Bg4 25. Rdc1 Kf7 26. h3 Be2 27. Bf1 Nf3+ 28. Kg2 Bxf1+ 29. Rxf1 Nd2 30. Nb5 Kg8 31. Rfc1 Nxb1 32. Rxb1 Rf7 33. Rd1 Bf8 34. Rd3 Kg7 35. Ne3 Rb6 36. h4 a4 37. Nd5 Rc6 38. Ndc3 Ra6 39. Nd5 Rb7 40. Ndc3 h5 41. Kf1 Be7 42. Nd5 Bd8 43. Ke2 Kf7 44. Ndc3 Ke6 45. Nd5 Ra5 46. Ndc3 Be7 47. Rd1 Kd7 48. Rb1 Rb8 49. Rd1 1/2-1/2

[Event "WSCC 50 Open 2017"]
[Site "?"]
[Date "2017.11.12"]
[Round "6"]
[White "Biro, Sandor"]
[Black "Certek, Pavel"]
[Result "1/2-1/2"]
[ECO "B21"]
[WhiteElo "2168"]
[BlackElo "2295"]
[PlyCount "69"]
[EventDate "2017.??.??"]
[EventType "swiss"]
[EventCountry "ITA"]
[SourceTitle "Acqui Terme"]
[TimeControl "40/5400+30:1800+30"]
[WhiteClock "0:04:16"]
[BlackClock "0:02:59"]

1. e4 c5 2. d4 cxd4 3. c3 d5 4. exd5 Qxd5 5. cxd4 Nc6 6. Nf3 e5 7. Nc3 Bb4 8. Be2 e4 9. O-O Bxc3 10. bxc3 exf3 11. Bxf3 Qa5 12. Re1+ Nge7 13. d5 O-O 14. c4 Qc3 15. Bd2 Qxc4 16. Rc1 Qxa2 17. dxc6 Nxc6 18. Bc3 Be6 19. Re2 Rfd8 20. Qe1 Qb3 21. Rb2 Qa3 22. Rxb7 Nd4 23. Bxd4 Rxd4 24. Rxf7 Re8 25. Rxg7+ Kxg7 26. Qe5+ Kg8 27. Qg5+ Kf8 28. Qh6+ Kg8 29. Qg5+ Kf8 30. Qh6+ Kg8 31. Qg5+ Kh8 32. Qf6+ Kg8 33. Qg5+ Kf8 34. Qh6+ Kg8 35. Qg5+ 1/2-1/2

[Event "WSCC 50 Open 2017"]
[Site "?"]
[Date "2017.11.14"]
[Round "7"]
[White "Jhunjhnuwala, Krishan"]
[Black "Mantovani, Renzo"]
[Result "1-0"]
[ECO "C77"]
[WhiteElo "2340"]
[BlackElo "2307"]
[PlyCount "69"]
[EventDate "2017.??.??"]
[EventType "swiss"]
[EventCountry "ITA"]
[SourceTitle "Acqui Terme"]
[TimeControl "40/5400+30:1800+30"]
[WhiteClock "0:12:14"]
[BlackClock "0:01:06"]

1. e4 e5 2. Nf3 Nc6 3. Bb5 Nf6 4. Qe2 a6 5. Ba4 b5 6. Bb3 Bc5 7. a4 Rb8 8. axb5 axb5 9. O-O O-O 10. d3 d6 11. h3 Be6 12. Bxe6 fxe6 13. Be3 Bb6 14. Nbd2 Qe8 15. Bxb6 Rxb6 16. c3 Qg6 17. Kh2 Rbb8 18. d4 Nh5 19. g3 b4 20. Ra6 bxc3 21. bxc3 Qe8 22. Qc4 Rb6 23. Rxb6 cxb6 24. Rb1 exd4 25. cxd4 Nd8 26. Rxb6 Nf7 27. Kg2 Nf6 28. Ra6 Qc8 29. Qxc8 Rxc8 30. e5 Ne8 31. Ne4 Rd8 32. Neg5 Nxg5 33. Nxg5 dxe5 34. dxe5 Rd2 35. Rxe6 1-0

[Event "WSCC 50 Open 2017"]
[Site "?"]
[Date "2017.11.14"]
[Round "7"]
[White "Petran, Peter"]
[Black "Cetinkaya, Vedat Ali"]
[Result "0-1"]
[ECO "A06"]
[WhiteElo "2330"]
[BlackElo "1968"]
[PlyCount "128"]
[EventDate "2017.??.??"]
[EventType "swiss"]
[EventCountry "ITA"]
[SourceTitle "Acqui Terme"]
[TimeControl "40/5400+30:1800+30"]
[WhiteClock "0:12:22"]
[BlackClock "0:23:13"]

1. Nf3 d5 2. g3 Nf6 3. Bg2 g6 4. d3 Bg7 5. Nbd2 O-O 6. O-O c5 7. e4 e6 8. c3 dxe4 9. dxe4 Nc6 10. Re1 b6 11. Qc2 Ba6 12. Qa4 Qc8 13. Nf1 Bd3 14. e5 Nd7 15. Bf4 Rd8 16. Bg5 Re8 17. Qh4 Bxf1 18. Kxf1 Ndxe5 19. Nd2 f5 20. Rad1 Nd3 21. Re3 Nxb2 22. Rb1 Ne5 23. Rxb2 Ng4 24. Re2 h6 25. Bxh6 Nxh6 26. Qg5 Kh7 27. Bxa8 Qxa8 28. Kg1 Bxc3 29. Rc2 Bg7 30. h3 e5 31. Nf1 e4 32. Red2 Qc6 33. Qe3 Qe6 34. a4 Nf7 35. Qe2 Ne5 36. Rd1 Nf3+ 37. Kg2 Nd4 38. Qc4 Nxc2 39. Qxc2 Bd4 40. Ne3 Kg7 41. Re1 Rh8 42. Nc4 a6 43. h4 b5 44. axb5 axb5 45. Nd2 Qd5 46. Nb3 Rd8 47. Rd1 Qc4 48. Qxc4 bxc4 49. Nxc5 Kf6 50. Nb7 Rd5 51. Na5 Rxa5 52. Rxd4 Rc5 53. Kf1 Ke5 54. Rd1 Rd5 55. Rc1 Kd4 56. Ke2 c3 57. Ra1 Kc5 58. Ke3 Kb4 59. Kf4 Rd2 60. Kg5 Rxf2 61. Kxg6 e3 62. h5 e2 63. Re1 Kc4 64. h6 Kd3 0-1

[Event "WSCC 50 Open 2017"]
[Site "?"]
[Date "2017.11.14"]
[Round "7"]
[White "Welling, Gerard"]
[Black "Biro, Sandor"]
[Result "0-1"]
[ECO "A04"]
[WhiteElo "2316"]
[BlackElo "2168"]
[PlyCount "60"]
[EventDate "2017.??.??"]
[EventType "swiss"]
[EventCountry "ITA"]
[SourceTitle "Acqui Terme"]
[TimeControl "40/5400+30:1800+30"]
[WhiteClock "0:02:21"]
[BlackClock "0:02:03"]

1. Nf3 Nc6 2. b3 e5 3. Bb2 e4 4. Nd4 Nf6 5. e3 d5 6. Nxc6 bxc6 7. c4 Bd6 8. cxd5 cxd5 9. Bb5+ Kf8 10. Qc2 c5 11. Nc3 Bb7 12. Ne2 a6 13. Ba4 Rc8 14. Ng3 Kg8 15. Qc3 d4 16. Qc4 Be5 17. O-O h5 18. exd4 cxd4 19. Qb4 Rc7 20. Nf5 Nd5 21. Qa5 Qf6 22. Ng3 Nf4 23. Bxd4 Bxd4 24. Qxc7 h4 25. Qxb7 hxg3 26. Qa8+ Kh7 27. Qxe4+ g6 28. hxg3 Nh5 29. Rac1 Nxg3 30. Qf3 Qh4 0-1

[Event "WSCC 50 Open 2017"]
[Site "?"]
[Date "2017.11.14"]
[Round "7"]
[White "Certek, Pavel"]
[Black "Luciani, Carlo"]
[Result "1/2-1/2"]
[ECO "A49"]
[WhiteElo "2295"]
[BlackElo "2232"]
[PlyCount "95"]
[EventDate "2017.??.??"]
[EventType "swiss"]
[EventCountry "ITA"]
[SourceTitle "Acqui Terme"]
[TimeControl "40/5400+30:1800+30"]
[WhiteClock "0:44:10"]
[BlackClock "0:21:51"]

1. Nf3 Nf6 2. d4 g6 3. g3 Bg7 4. Bg2 O-O 5. b3 d6 6. Bb2 e5 7. dxe5 Nfd7 8. O-O dxe5 9. e4 Na6 10. Nbd2 Nac5 11. Re1 Qe7 12. a4 a5 13. Nc4 Rd8 14. Qe2 b6 15. Ba3 Ba6 16. Bf1 Bh6 17. Red1 f6 18. Ne1 Bf8 19. Qg4 Qf7 20. Ne3 Bxf1 21. Kxf1 h5 22. Qf3 Ne6 23. Bb2 Bc5 24. Qe2 Ng5 25. Nd5 c6 26. Nc3 Bd4 27. Nf3 Nc5 28. Nxd4 exd4 29. Na2 d3 30. cxd3 Nxb3 31. Rab1 Nc5 32. Nc3 Nge6 33. Qe3 Qd7 34. Ne2 Kg7 35. Ba1 Nxa4 36. d4 Ng5 37. d5 Qh3+ 38. Kg1 Qg4 39. Nf4 Kf7 40. Kg2 Re8 41. f3 Qd7 42. Qd4 Re5 43. Qxa4 Nxf3 44. dxc6 Nh4+ 45. Kf2 Qg4 46. Qb3+ Kg7 47. Bxe5 fxe5 48. h3 1/2-1/2

[Event "WSCC 50 Open 2017"]
[Site "?"]
[Date "2017.11.14"]
[Round "7"]
[White "Prasad, Devaki V"]
[Black "Brongers, Henk"]
[Result "1-0"]
[ECO "B12"]
[WhiteElo "2290"]
[BlackElo "2022"]
[PlyCount "101"]
[EventDate "2017.??.??"]
[EventType "swiss"]
[EventCountry "ITA"]
[SourceTitle "Acqui Terme"]
[TimeControl "40/5400+30:1800+30"]

1. e4 c6 2. d4 d5 3. e5 Bf5 4. Nf3 e6 5. Be2 h6 6. O-O Ne7 7. Nbd2 Nd7 8. Nb3 g5 9. Ne1 Bg6 10. c3 Bg7 11. Nd3 Qc7 12. f4 Bxd3 13. Bxd3 c5 14. Bb5 Nc6 15. Qh5 c4 16. Bxc6 bxc6 17. fxg5 O-O-O 18. Qxf7 Bxe5 19. dxe5 cxb3 20. Qxe6 hxg5 21. axb3 Rde8 22. Qd6 Qb6+ 23. Kh1 Rxe5 24. Bd2 Rhe8 25. Rf7 Nb8 26. Raf1 c5 27. Qxb6 axb6 28. h3 Nd7 29. Rg7 Re2 30. Bxg5 Rxb2 31. Rff7 Ne5 32. Rc7+ Kb8 33. Bf4 d4 34. cxd4 cxd4 35. Rb7+ Ka8 36. Ra7+ Kb8 37. Rae7 Rxe7 38. Rxe7 Rb1+ 39. Kh2 d3 40. Bxe5+ Kc8 41. Rc7+ Kd8 42. Rc3 Rd1 43. Bf4 Ke7 44. h4 Ke6 45. Rc6+ Kf5 46. Bg5 Ke5 47. Rc8 Rb1 48. Rd8 Rxb3 49. h5 Kf5 50. h6 Kg6 51. Rd6+ 1-0

[Event "WSCC 50 Open 2017"]
[Site "?"]
[Date "2017.11.14"]
[Round "7"]
[White "Belmont Hernandez, Andres"]
[Black "Bagaturov, Giorgi"]
[Result "0-1"]
[ECO "B40"]
[WhiteElo "2076"]
[BlackElo "2399"]
[PlyCount "96"]
[EventDate "2017.??.??"]
[EventType "swiss"]
[EventCountry "ITA"]
[SourceTitle "Acqui Terme"]
[TimeControl "40/5400+30:1800+30"]
[WhiteClock "0:08:23"]
[BlackClock "0:16:19"]

1. e4 c5 2. Nf3 e6 3. Nc3 Nc6 4. g3 Nf6 5. Bg2 d6 6. O-O Be7 7. d4 cxd4 8. Nxd4 Bd7 9. Ndb5 Qb8 10. Bf4 Ne5 11. a4 O-O 12. Bg5 a6 13. Na3 b5 14. f4 Neg4 15. Bxf6 Nxf6 16. e5 dxe5 17. fxe5 Qxe5 18. axb5 axb5 19. Rxf6 Bxf6 20. Bxa8 Rxa8 21. Qxd7 b4 22. Qc6 Qb8 23. Nd1 h6 24. c3 bxa3 25. Rxa3 Rxa3 26. bxa3 Qa7+ 27. Kf1 Qxa3 28. Qe8+ Qf8 29. Qxf8+ Kxf8 30. g4 Ke7 31. Ke2 Kd6 32. Ke3 Kd5 33. Kd3 Ke5 34. c4 Be7 35. Nf2 f5 36. gxf5 exf5 37. Nd1 g5 38. Ne3 Bc5 39. Nf1 g4 40. Ng3 Bf2 41. Nf1 h5 42. Ke2 Bg1 43. h3 f4 44. Nd2 Bc5 45. hxg4 hxg4 46. Kd3 f3 47. Ne4 f2 48. Nd2 g3 {[%emt 0:00:00] Kd4+} 0-1

[Event "WSCC 50 Open 2017"]
[Site "?"]
[Date "2017.11.14"]
[Round "7"]
[White "Vepkhvishvili, Varlam"]
[Black "Buchal, Stephan"]
[Result "1-0"]
[ECO "B06"]
[WhiteElo "2048"]
[BlackElo "2347"]
[PlyCount "115"]
[EventDate "2017.??.??"]
[EventType "swiss"]
[EventCountry "ITA"]
[SourceTitle "Acqui Terme"]
[TimeControl "40/5400+30:1800+30"]
[WhiteClock "1:02:53"]
[BlackClock "0:00:55"]

1. e4 g6 2. d4 Bg7 3. Nc3 d6 4. Be2 a6 5. a4 b6 6. f4 Nd7 7. g4 e5 8. dxe5 dxe5 9. f5 Qh4+ 10. Kf1 Bb7 11. Be3 gxf5 12. Bf2 Qh6 13. gxf5 Ne7 14. Bf3 Rd8 15. Qe2 Qd6 16. Nh3 Qb4 17. Nd1 Nf6 18. c3 Qd6 19. Rg1 Bh6 20. Bh4 Qc6 21. Ndf2 Rd2 22. Qe1 Nxf5 23. exf5 Qc4+ 24. Be2 Qxh4 25. Rd1 Rxd1 26. Qxd1 Ke7 27. Qb3 Rd8 28. a5 b5 29. c4 Qd4 30. cxb5 axb5 31. Qxb5 Bd5 32. Rg3 c6 33. Qb7+ Rd7 34. Qb8 Rd8 35. Qb7+ Rd7 36. Qb8 e4 37. a6 e3 38. Ng4 Ne4 39. Nxh6 Nxg3+ 40. hxg3 Rd8 41. a7 c5 42. Nf4 Ba8 43. Qc7+ Rd7 44. Qb6 Rd6 45. Qc7+ Rd7 46. Qb8 Rd8 47. Ng4 Re8 48. Nd3 Kf8 49. Qb6 h5 50. Qh6+ Ke7 51. Qxh5 Be4 52. f6+ Kd6 53. Ne1 Bd5 54. Qf5 Rh8 55. Bf3 Bc4+ 56. Kg1 Qxb2 57. Qf4+ Kd7 58. Qxc4 1-0

[Event "WSCC 50 Open 2017"]
[Site "?"]
[Date "2017.11.15"]
[Round "8"]
[White "Bagaturov, Giorgi"]
[Black "Prasad, Devaki V"]
[Result "1/2-1/2"]
[ECO "D70"]
[WhiteElo "2399"]
[BlackElo "2290"]
[PlyCount "98"]
[EventDate "2017.??.??"]
[EventType "swiss"]
[EventCountry "ITA"]
[SourceTitle "Acqui Terme"]
[TimeControl "40/5400+30:1800+30"]
[WhiteClock "0:06:09"]
[BlackClock "0:12:16"]

1. d4 Nf6 2. c4 g6 3. Nf3 Bg7 4. g3 O-O 5. Bg2 d6 6. O-O Nbd7 7. Qc2 e5 8. Rd1 Re8 9. Nc3 exd4 10. Nxd4 Nc5 11. e4 Qe7 12. f3 c6 13. Be3 a5 14. b3 h5 15. Bf2 Nh7 16. h3 Ng5 17. Kh2 h4 18. g4 Be5+ 19. Kh1 Nge6 20. Nde2 Qf6 21. Be3 g5 22. Rac1 Nf4 23. Nxf4 gxf4 24. Bf2 Be6 25. Ne2 Nd7 26. Rd2 c5 27. Nc3 Nf8 28. Rd3 Red8 29. Rcd1 Rd7 30. Nb5 Qe7 31. Bf1 b6 32. Nc3 Ng6 33. Nd5 Bxd5 34. exd5 a4 35. R3d2 axb3 36. axb3 Rda7 37. Bd3 Kg7 38. b4 Ra1 39. bxc5 bxc5 40. Kg2 R8a3 41. Re2 Rxd1 42. Qxd1 Qf6 43. Qb1 Ra1 44. Qb8 Bd4 45. Bxg6 Bxf2 46. Bxf7 Rg1+ 47. Kh2 Rh1+ 48. Kg2 Rg1+ 49. Kh2 Rh1+ 1/2-1/2

[Event "WSCC 50 Open 2017"]
[Site "?"]
[Date "2017.11.15"]
[Round "8"]
[White "Buchal, Stephan"]
[Black "Van den Bersselaar, Jeroen"]
[Result "1-0"]
[ECO "A05"]
[WhiteElo "2347"]
[BlackElo "2189"]
[PlyCount "53"]
[EventDate "2017.??.??"]
[EventType "swiss"]
[EventCountry "ITA"]
[SourceTitle "Acqui Terme"]
[TimeControl "40/5400+30:1800+30"]
[WhiteClock "0:18:05"]
[BlackClock "0:10:37"]

1. Nf3 Nf6 2. c4 Nc6 3. g3 e5 4. Bg2 d5 5. cxd5 Nxd5 6. O-O Nb6 7. a3 Be7 8. d3 O-O 9. b4 Be6 10. Bb2 f6 11. Nbd2 Qd7 12. Rc1 a5 13. b5 Nd8 14. d4 Qxb5 15. Ba1 Bxa3 16. Rxc7 Nd5 17. Rc2 Nc6 18. e4 Nb6 19. d5 Nxd5 20. exd5 Bxd5 21. Nb1 Bb4 22. Nc3 Bxc3 23. Rxc3 Rfd8 24. Qc1 Qa6 25. Rd1 a4 26. Bf1 Bxf3 27. Rxd8+ 1-0

[Event "WSCC 50 Open 2017"]
[Site "?"]
[Date "2017.11.15"]
[Round "8"]
[White "Brendel, Oliver"]
[Black "Cetinkaya, Vedat Ali"]
[Result "1-0"]
[ECO "B17"]
[WhiteElo "2334"]
[BlackElo "1968"]
[PlyCount "67"]
[EventDate "2017.??.??"]
[EventType "swiss"]
[EventCountry "ITA"]
[SourceTitle "Acqui Terme"]
[TimeControl "40/5400+30:1800+30"]
[WhiteClock "0:09:28"]
[BlackClock "0:10:30"]

1. e4 c6 2. d4 d5 3. Nc3 dxe4 4. Nxe4 Nd7 5. Ng5 Ngf6 6. Bd3 e6 7. N1f3 Bd6 8. Qe2 h6 9. Ne4 Nxe4 10. Qxe4 Nf6 11. Qe2 O-O 12. Bd2 Qc7 13. O-O-O c5 14. dxc5 Qxc5 15. Rhe1 Rd8 16. Ne5 Bxe5 17. Qxe5 Qxe5 18. Rxe5 Bd7 19. f3 Bc6 20. Be3 Nd5 21. Bf2 Nf4 22. Bf1 Bd5 23. b3 Rdc8 24. Kb2 b5 25. Bxb5 Nxg2 26. Rexd5 exd5 27. Rxd5 a6 28. Bc4 Rc7 29. Ra5 Rd7 30. Rxa6 Rad8 31. Ra7 Rd2 32. Rxf7 Kh8 33. Bb6 Re8 34. Ba5 1-0

[Event "WSCC 50 Open 2017"]
[Site "?"]
[Date "2017.11.15"]
[Round "8"]
[White "Sarno, Spartaco"]
[Black "Vepkhvishvili, Varlam"]
[Result "1-0"]
[ECO "A16"]
[WhiteElo "2327"]
[BlackElo "2048"]
[PlyCount "99"]
[EventDate "2017.??.??"]
[EventType "swiss"]
[EventCountry "ITA"]
[SourceTitle "Acqui Terme"]
[TimeControl "40/5400+30:1800+30"]
[WhiteClock "0:02:43"]
[BlackClock "0:28:47"]

1. c4 Nf6 2. Nc3 g6 3. g3 Bg7 4. Bg2 O-O 5. Nf3 d6 6. O-O c5 7. d4 cxd4 8. Nxd4 a6 9. b3 Qc7 10. Bb2 Nc6 11. Nc2 Bd7 12. Qd2 Rac8 13. Ne3 Ne8 14. Rfd1 Ne5 15. Rac1 Bc6 16. Ned5 Qd8 17. f4 Ng4 18. h3 Ngf6 19. e4 b5 20. cxb5 axb5 21. Nb4 Ba8 22. e5 Nd7 23. Bxa8 Rxa8 24. Ncd5 Nb8 25. Qg2 Ra7 26. Bd4 Ra3 27. Rc8 Qd7 28. Rxb8 dxe5 29. Bc5 Kh8 30. Bxe7 Rg8 31. Nc6 Ra6 32. Ne3 Qxc6 33. Qxc6 Rxc6 34. Rdd8 h5 35. Rxe8 Rxe8 36. Rxe8+ Kh7 37. Bf8 Bf6 38. fxe5 Bg5 39. Nd5 h4 40. Nf6+ Bxf6 41. exf6 hxg3 42. Kg2 Rxf6 43. Kxg3 g5 44. Re5 Kg6 45. Rxb5 Rc6 46. Bc5 Rc8 47. a4 f5 48. a5 Rd8 49. a6 Kh5 50. a7 1-0

[Event "WSCC 50 Open 2017"]
[Site "?"]
[Date "2017.11.15"]
[Round "8"]
[White "Mantovani, Renzo"]
[Black "Vaglio Munoz, Jaime"]
[Result "1-0"]
[ECO "A40"]
[WhiteElo "2307"]
[BlackElo "2170"]
[PlyCount "59"]
[EventDate "2017.??.??"]
[EventType "swiss"]
[EventCountry "ITA"]
[SourceTitle "Acqui Terme"]
[TimeControl "40/5400+30:1800+30"]
[WhiteClock "0:20:59"]
[BlackClock "0:09:09"]

1. d4 c6 2. e4 Qa5+ 3. c3 d5 4. exd5 Qxd5 5. Nf3 Nf6 6. Nbd2 Bg4 7. Bc4 Bxf3 8. Qb3 Qd6 9. Nxf3 Nd5 10. Qxb7 Nb6 11. Ne5 f6 12. Nf7 Qd7 13. Qxd7+ Kxd7 14. Bb3 Rg8 15. Ne5+ fxe5 16. Bxg8 exd4 17. cxd4 h6 18. O-O Na6 19. Bf4 e6 20. Rfe1 Re8 21. Bf7 Re7 22. Bg6 Nd5 23. Be5 Nac7 24. Rac1 a5 25. Rc5 Re8 26. Bxe8+ Nxe8 27. Rxa5 Ndc7 28. Ra7 c5 29. dxc5 Bxc5 30. Rxc7+ 1-0

[Event "WSCC 50 Open 2017"]
[Site "?"]
[Date "2017.11.15"]
[Round "8"]
[White "Contin, Daniel"]
[Black "Vebic, Kasem"]
[Result "0-1"]
[ECO "A05"]
[WhiteElo "2272"]
[BlackElo "2118"]
[PlyCount "110"]
[EventDate "2017.??.??"]
[EventType "swiss"]
[EventCountry "ITA"]
[SourceTitle "Acqui Terme"]
[TimeControl "40/5400+30:1800+30"]
[WhiteClock "0:10:26"]
[BlackClock "0:53:24"]

1. Nf3 Nf6 2. c4 c5 3. g3 b6 4. Bg2 Bb7 5. Nc3 Nc6 6. O-O g6 7. e3 Bg7 8. d4 d6 9. d5 Na5 10. Nd2 h5 11. h3 Bc8 12. f4 Bd7 13. e4 Qc8 14. e5 Nh7 15. e6 fxe6 16. Qc2 Nf8 17. dxe6 Bxe6 18. Bxa8 Qxa8 19. Nb5 Kd8 20. Kh2 Bf5 21. Qd1 a6 22. Na3 Qc8 23. h4 Bd3 24. Rf3 Bf5 25. Qe1 Qb7 26. Qf1 Nd7 27. Rd3 Nf6 28. Nf3 Qe4 29. Rd1 Ng4+ 30. Kg1 Nc6 31. Re1 Qd3 32. Qxd3 Bxd3 33. Ng5 Bd4+ 34. Kg2 Kd7 35. Rd1 Bf5 36. Nb1 Nb4 37. Nc3 Nc2 38. Bd2 e5 39. Rac1 Nge3+ 40. Kh1 exf4 41. gxf4 Nxd1 42. Rxd1 Re8 43. Nd5 b5 44. Bc3 Re2 45. b3 Ne3 46. Nxe3 Bxe3 47. cxb5 axb5 48. a4 b4 49. Be5 Bd2 50. Kg1 Bc2 51. Ra1 dxe5 52. a5 Be3+ 53. Kh1 Bxb3 54. Ne4 Bd5 55. Rd1 Bd2 0-1

[Event "WSCC 50 Open 2017"]
[Site "?"]
[Date "2017.11.15"]
[Round "8"]
[White "Chapman, Terry P D"]
[Black "Welling, Gerard"]
[Result "0-1"]
[ECO "A04"]
[WhiteElo "2196"]
[BlackElo "2316"]
[PlyCount "80"]
[EventDate "2017.??.??"]
[EventType "swiss"]
[EventCountry "ITA"]
[SourceTitle "Acqui Terme"]
[TimeControl "40/5400+30:1800+30"]
[WhiteClock "0:00:32"]
[BlackClock "0:09:11"]

1. Nf3 d6 2. d4 Nf6 3. g3 Nbd7 4. c4 e5 5. Nc3 c6 6. Bg2 Be7 7. O-O O-O 8. e4 a6 9. a4 a5 10. h3 exd4 11. Nxd4 Nc5 12. Be3 Re8 13. Re1 Bf8 14. Qc2 Nfd7 15. Rad1 g6 16. f4 Qb6 17. Kh2 Bg7 18. Bf2 Qc7 19. Ndb5 cxb5 20. Nxb5 Qb8 21. Nxd6 Rf8 22. e5 Ra6 23. Bd5 Rxd6 24. exd6 b6 25. Bd4 Nf6 26. Be5 Bd7 27. b3 Nxd5 28. Rxd5 Bxe5 29. fxe5 Qc8 30. h4 Qe8 31. Qc3 Qe6 32. Rd2 f5 33. Qe3 Ne4 34. Rg2 Qxe5 35. Qxb6 f4 36. gxf4 Qxf4+ 37. Kg1 Nd2 38. Qf2 Nf3+ 39. Kf1 Bh3 40. d7 Bxg2+ 0-1

[Event "WSCC 50 Open 2017"]
[Site "?"]
[Date "2017.11.15"]
[Round "8"]
[White "Biro, Sandor"]
[Black "Reprintsev, Alexander"]
[Result "1/2-1/2"]
[ECO "B01"]
[WhiteElo "2168"]
[BlackElo "2361"]
[PlyCount "150"]
[EventDate "2017.??.??"]
[EventType "swiss"]
[EventCountry "ITA"]
[SourceTitle "Acqui Terme"]
[TimeControl "40/5400+30:1800+30"]
[WhiteClock "0:02:09"]
[BlackClock "0:01:30"]

1. e4 d5 2. d4 dxe4 3. Nc3 e5 4. dxe5 Qxd1+ 5. Kxd1 Bf5 6. Nge2 Nc6 7. Ng3 O-O-O+ 8. Bd2 Bg6 9. Ncxe4 Nxe5 10. Be2 f5 11. Ng5 Be7 12. f4 Ng4 13. Kc1 Bf6 14. h3 N4h6 15. Bd3 Ne7 16. a4 Nd5 17. Re1 Rhe8 18. Rxe8 Rxe8 19. Ra3 Bd4 20. Bc4 Nf6 21. Ne6 Bf2 22. Nh1 Bg1 23. Ng5 Ne4 24. Nxe4 fxe4 25. Be3 Bxe3+ 26. Rxe3 Nf5 27. Re1 Nd6 28. Bb3 Rf8 29. g3 h5 30. h4 Re8 31. Nf2 Nf5 32. Rxe4 Nxg3 33. Rxe8+ Bxe8 34. Kd2 Kd8 35. c3 Nf5 36. Bd5 b6 37. Ne4 Nxh4 38. Ng5 Ke7 39. b3 Bd7 40. Kd3 c6 41. Bh1 Nf5 42. Bg2 Nd6 43. b4 Nf7 44. Nf3 c5 45. bxc5 bxc5 46. Kc4 Kd6 47. Nd2 Bc6 48. Ne4+ Bxe4 49. Bxe4 h4 50. Kb5 h3 51. Ka6 Kc7 52. Kxa7 Nd6 53. Bf3 Nc4 54. Ka6 Na3 55. Ka5 g6 56. Ka6 h2 57. Ka5 Nb1 58. Kb5 Kd6 59. a5 Nxc3+ 60. Kc4 Nb1 61. Bh1 Na3+ 62. Kb3 Nb5 63. Kc4 Nc7 64. Bf3 Na6 65. Bh1 Ke6 66. Be4 Kf6 67. Kb5 Kg7 68. Kc4 Kh6 69. Bf3 Kh7 70. Kb5 Kg7 71. Kc4 Kf7 72. Be4 Ke7 73. Kb5 Kd6 74. Kc4 Nc7 75. Bh1 Na6 1/2-1/2

[Event "WSCC 50 Open 2017"]
[Site "?"]
[Date "2017.11.16"]
[Round "9"]
[White "Reprintsev, Alexander"]
[Black "Mantovani, Renzo"]
[Result "1-0"]
[ECO "B06"]
[WhiteElo "2361"]
[BlackElo "2307"]
[PlyCount "67"]
[EventDate "2017.??.??"]
[EventType "swiss"]
[EventCountry "ITA"]
[SourceTitle "Acqui Terme"]
[TimeControl "40/5400+30:1800+30"]
[WhiteClock "0:50:19"]
[BlackClock "0:01:13"]

1. e4 g6 2. Nc3 c5 3. d3 d6 4. Be3 Nf6 5. Qd2 Ng4 6. Bg5 h6 7. Bh4 Bg7 8. f4 Nc6 9. Nf3 O-O 10. h3 Nf6 11. g4 Rb8 12. Bg2 b5 13. O-O b4 14. Ne2 a5 15. Bg3 c4 16. f5 gxf5 17. exf5 cxd3 18. cxd3 Rb5 19. Bf4 h5 20. Bh6 hxg4 21. Qg5 Ne8 22. hxg4 e6 23. Bxg7 Nxg7 24. Qh6 f6 25. Nf4 exf5 26. g5 Rb7 27. d4 Qb6 28. Nd5 Qa7 29. Nxf6+ Kf7 30. Rad1 Ne5 31. Nxe5+ dxe5 32. Bd5+ Be6 33. Nh5 Ke8 34. Nxg7+ 1-0